Map: Goldenaura LE

Players

Riegel - Winner!

  • Race: Terran Terran
  • League: Master
  • Spawn Location: 12:00

K.I.-2 (Mittel)

  • Race: Protoss Protoss
  • Spawn Location: 5:00

VOD

Have the link to the VOD?

Description

Time

  • Played on: Oct. 18, 2024, 3:28 a.m.
  • Length: 9:44
Show
View Real Time Build Order
Export as new Build Order

Riegel Terran - Winner!

Build Orders: Mech, Banshee Rush 

Get SALT Encoding   

  12  0:00  SCV  
  13  0:12  SCV  
  14  0:17  Supply Depot  
  14  0:24  SCV  
  15  0:28  Refinery  
  15  0:38  SCV  
  16  0:46  Barracks  
  16  0:50  SCV  
  17  1:03  SCV  
  18  1:15  SCV  
  19  1:27  SCV  
  20  1:35  Reaper  
  21  1:41  Orbital Command  
  21  1:50  Command Center  
  21  2:02  Factory  
  21  2:09  SCV  
  21  2:14  Barracks Reactor  
  22  2:18  Supply Depot  
  22  2:21  SCV  
  23  2:25  Refinery  
  23  2:39  SCV  
  24  2:49  Starport  
  24  2:58  Hellion x2  
  28  3:00  SCV  
  28  3:01  Barracks Tech Lab  
  28  3:02  Orbital Command  
  29  3:12  SCV  
  30  3:19  Hellion  
  34  3:20  Hellion  
  34  3:23  Orbital Command  
  34  3:26  Barracks Tech Lab  
  34  3:31  SCV  
  35  3:34  Banshee  
  35  3:35  Cloaking Field  
  38  3:44  SCV  
  39  3:55  SCV  
  39  3:56  Siege Tank, Marine x2  
  39  4:00  Supply Depot  
  44  4:07  SCV  
  44  4:08  SCV  
  46  4:19  Bunker  
  46  4:21  Marine x2  
  46  4:22  Banshee  
  51  4:35  SCV x2  
  53  4:39  Marine x2  
  53  4:41  Siege Tank  
  58  4:47  SCV x2  
  60  5:13  SCV  
  61  5:16  Refinery  
  61  5:17  Command Center  
  61  5:18  Refinery  
  61  5:19  SCV  
  62  5:27  Banshee, Siege Tank, SCV, Marine  
  70  5:30  Supply Depot  
  70  5:31  Supply Depot  
  70  5:52  SCV x2, Marine x2  
  70  5:54  Supply Depot  
  74  5:59  Siege Tank  
  77  6:04  SCV x2  
  77  6:08  Factory  
  77  6:09  Marine x2  
  77  6:10  Factory  
  81  6:15  Supply Depot  
  81  6:16  SCV x2  
  83  6:20  Hyperflight Rotors  
  83  6:25  Banshee  
  86  6:27  Marine  
  86  6:28  SCV  
  86  6:29  Marine  
  86  6:32  Siege Tank  
  92  6:37  Orbital Command  
  92  6:43  SCV  
  92  6:45  Marine  
  92  6:46  Marine  
  95  6:57  SCV x2  
  95  6:59  Factory Tech Lab x2  
  97  7:06  Marine x2  
  97  7:09  SCV  
  97  7:10  Orbital Command  
  97  7:12  SCV  
  97  7:13  Siege Tank  
  100  7:17  Command Center  
  100  7:21  SCV  
  98  7:30  SCV  
  98  7:33  Banshee, SCV  
  98  7:35  Siege Tank x2  
  98  7:36  Marine x2  
  111  7:42  Supply Depot x2, SCV  
  112  7:53  SCV x2  
  112  7:58  SCV, Marine x2  
  115  7:59  Supply Depot  
  115  8:00  Supply Depot  
  115  8:05  SCV x2  
  119  8:10  Armory, SCV  
  120  8:15  Siege Tank  
  120  8:16  Marine x2  
  120  8:17  SCV x2  
  127  8:22  SCV  
  128  8:28  Siege Tank x2  
  128  8:29  SCV  
  128  8:30  Banshee  
  137  8:34  Marine x2  
  137  8:38  SCV  
  137  8:39  Refinery  
  137  8:40  Refinery  
  140  8:42  Command Center  
  140  8:46  Engineering Bay  
  140  8:48  Siege Tank  
  140  8:52  Marine x2  
  145  8:57  SCV x2  
  145  9:00  Siege Tank x2  
  151  9:05  Supply Depot  
  151  9:06  Supply Depot  
  151  9:07  Supply Depot  
  151  9:09  Marine  
  151  9:10  Marine  
  151  9:12  SCV x2  
  158  9:27  Armory, Refinery  
  158  9:28  Command Center  
  160  9:32  Refinery  
Show
View Real Time Build Order
Export as new Build Order

K.I.-2 (Mittel) Protoss 

Build Orders:  

Get SALT Encoding   

  12  0:00  Probe  
  13  0:13  Probe  
  14  0:20  Pylon  
  14  0:25  Probe  
  15  0:35  Probe  
  16  0:43  Probe  
  16  0:46  Assimilator  
  16  0:49  Gateway  
  17  0:52  Probe  
  18  1:00  Pylon  
  18  1:29  Gateway  
  18  1:32  Assimilator  
  18  1:38  Cybernetics Core  
  18  1:39  Zealot  
  20  1:59  Zealot  
  22  2:08  Warp Gate  
  22  2:18  Pylon  
  22  2:20  Stalker  
  24  2:40  Stalker  
  26  2:57  Pylon  
  26  3:00  Stalker  
  26  3:03  Probe  
  29  3:15  Probe  
  30  3:20  Adept  
  30  3:25  Forge  
  32  3:27  Probe  
  33  3:39  Probe  
  33  3:40  Stalker  
  36  3:51  Probe  
  36  4:00  Stalker  
  38  4:03  Probe  
  39  4:15  Probe  
  40  4:58  Probe  
  40  5:08  Probe  
  38  5:16  Probe  
  36  5:25  Probe  
  34  5:30  Stalker  
  34  5:36  Probe  
  31  5:48  Probe  
  29  5:50  Stalker  
  29  6:00  Probe  
  30  6:12  Probe  
  31  6:20  Pylon  
  31  6:24  Probe  
  32  6:34  Probe  
  33  6:40  Sentry  
  33  6:42  Robotics Facility, Probe  
  33  6:44  Photon Cannon  
  33  6:45  Photon Cannon  
  36  6:47  Stargate  
  36  6:51  Pylon  
  36  6:54  Sentry  
  38  6:57  Probe  
  33  7:09  Probe  
  33  7:19  Probe  
  32  7:29  Observer  
  33  7:49  Nexus, Probe  
  34  8:01  Probe  
  35  8:10  Sentry  
  37  8:13  Probe  
  38  8:22  Probe  
  38  8:23  Sentry  
  24  9:05  Probe  
  20  9:13  Probe  
  11  9:23  Probe  
Tags
 
Composition
Mech
League
Master
Matchup
PvT
Spawn Locations
Cross Positions
Strategy
Banshee Rush
Add a new tag
Caveats
  • Supply blocks, unpowered buildings, or Contaminate may cause inaccurate times.
  • Supply counts are checked every 10 seconds.